 Dungeon Crawl Stone Soup version 0.20.1-1-g8b1a95d (webtiles) character file.

688 Hylith the Chopper (level 7, -1/61 HPs)
             Began as a Minotaur Berserker on Dec 25, 2017.
             Was a Priest of Trog.
             Slain by Duvessa
             ... wielding a +0 short sword
              (10 damage)
             ... on level 4 of the Dungeon.
             The game lasted 00:08:57 (3070 turns).

Hylith the Chopper (Minotaur Berserker)             Turns: 3070, Time: 00:08:58

Health: -1/61      AC: 12    Str: 24    XL:     7   Next: 36%
Magic:  6/6        EV: 12    Int:  4    God:    Trog [***...]
Gold:   83         SH:  0    Dex:  9    Spells: 6/6 levels left

rFire    . . .     SeeInvis .   a - +0 hand axe
rCold    . . .     Gourm    +   (no shield)
rNeg     . . .     Faith    .   d - +0 chain mail
rPois    .         Spirit   .   (helmet restricted)
rElec    .         Reflect  .   s - +0 cloak
rCorr    .         Harm     .   A - +0 pair of gloves
MR       .....                  (no boots)
Stlth    ..........             u - amulet of the gourmand (curse)
Regen    0.2/turn               p - ring of wizardry
MPRegen  0.1/turn               l - +3 ring of evasion

@: no status effects
A: retaliatory headbutt, horns 2
a: Berserk, Trog's Hand, Burn Spellbooks, Renounce Religion


You were on level 4 of the Dungeon.
You worshipped Trog.
Trog was most pleased with you.
You were not hungry.

You visited 1 branch of the dungeon, and saw 4 of its levels.

You collected 165 gold pieces.
You spent 82 gold pieces at shops.

Inventory:

Hand Weapons
 a - a +0 hand axe (weapon)
 w - a +0 scythe
Missiles
 j - 86 bolts
Armour
 b - a +0 animal skin
 d - a +0 chain mail (worn)
 s - a +0 cloak (worn)
 A - a +0 pair of gloves (worn)
Jewellery
 l - a +3 ring of evasion (right hand)
 p - a ring of wizardry (left hand)
 u - a cursed amulet of the gourmand (around neck)
Scrolls
 c - 2 scrolls of identify {unknown}
 e - a scroll of remove curse {unknown}
 g - a scroll of enchant weapon {unknown}
 k - 2 scrolls of blinking {unknown}
 n - a scroll of immolation {unknown}
 q - 2 scrolls of fog {unknown}
 v - a scroll of noise {unknown}
 x - a scroll of teleportation {unknown}
 y - a scroll of enchant armour
Potions
 i - 2 potions of degeneration {unknown}
 m - a potion of mutation {unknown}
 o - a potion of ambrosia {unknown}
 t - 2 potions of haste {unknown}
 z - 2 potions of brilliance {unknown}
Comestibles
 f - a royal jelly
 h - 4 meat rations
 r - 4 fruits


   Skills:
 + Level 5.2 Fighting
 + Level 7.5 Axes
 + Level 5.9 Armour
 + Level 3.0 Dodging
 + Level 0.1 Stealth


You had 6 spell levels left.
You didn't know any spells.

Dungeon Overview and Level Annotations

Branches:
Dungeon (4/15)
 Temple: D:4-7

Altars:
Fedhas
Kikubaaqudgha
Okawaru
Vehumet
Zin
The Shining One

Shops:
D:4 ?

Annotations:
D:4 Duvessa


Innate Abilities, Weirdness & Mutations

You reflexively headbutt those who attack you in melee.
You have a pair of horns on your head.


Message History

Duvessa closely misses you. You furiously retaliate!
You headbutt Duvessa, but do no damage. You hit Duvessa but do no damage.
Duvessa is severely wounded.
Duvessa hits you with a short sword. Duvessa hits you with a short sword!
* * * LOW HITPOINT WARNING * * *
You hit Duvessa but do no damage. You headbutt Duvessa, but do no damage.
Duvessa is severely wounded.
Duvessa hits you with a short sword.
* * * LOW HITPOINT WARNING * * *
You hit Duvessa but do no damage.
Duvessa is severely wounded.
Duvessa closely misses you. You furiously retaliate!
You headbutt Duvessa. You hit Duvessa but do no damage.
Duvessa is severely wounded.
Duvessa hits you but does no damage. Duvessa barely misses you.
You hit Duvessa but do no damage. You headbutt Duvessa.
Duvessa is almost dead.
Duvessa hits you with a short sword!
You die...

.......# #.....#
#.#%..♣...#.# .#####.#
####### #....♣.♣....#
####.# ######
###...♣.♣.♣...# #....#
#..... #....♣.♣.♣.♣..#
#<##.# #.....
#...♣.♣._(♣.♣.#
.##.##.# #.....
#....♣.♣.♣.♣..#
.......#
#.....####...♣.♣.♣...#
####.### #....)e#
#....♣.♣....# #.# #@#
#.#...♣...#.# #)# #.#
#...........# ##.##
#.# ##...†......#
#...##### #.#
#.########## #.......#
####.####.###
#>..###.#
#.........#.## #####
#.# #.##.#####...####
#.###.....##..........
#.....##.###.#....#.#.


You could see Duvessa (berserk).

Vanquished Creatures
  Sigmund (D:3)
  Menkaure (D:4)
  An ogre (D:4)
  Dowan (D:4)
  An orc priest (D:3)
  A centaur skeleton (D:4)
  A hound (D:4)
  3 gnolls (D:2)
  9 adders
  4 worms
  4 dart slugs
  A leopard gecko (D:2)
  12 orcs
  2 bats (D:3)
  3 giant cockroaches (D:4)
  3 goblins
  4 hobgoblins
  2 jackals (D:1)
  6 kobolds
  2 quokkas
  A frilled lizard (D:2)
  A quokka skeleton (D:3)
  9 rats
73 creatures vanquished.

Notes
Turn   | Place    | Note
-------+----------+-------------------------------------------
     0 | D:1      | Hylith the Minotaur Berserker began the quest for the Orb.
     0 | D:1      | Reached XP level 1. HP: 19/19 MP: 0/0
   151 | D:1      | Reached XP level 2. HP: 27/27 MP: 1/1
   678 | D:2      | Reached skill level 4 in Axes
   730 | D:2      | Reached XP level 3. HP: 32/33 MP: 2/2
  1101 | D:2      | Reached ** piety under Trog
  1101 | D:2      | Reached XP level 4. HP: 41/41 MP: 3/3
  1380 | D:2      | Reached skill level 5 in Axes
  1646 | D:3      | Reached XP level 5. HP: 33/47 MP: 4/4
  1691 | D:3      | Found a glowing golden altar of the Shining One.
  1762 | D:3      | Noticed Sigmund
  1777 | D:3      | Found a radiant altar of Vehumet.
  2017 | D:3      | Found a glowing silver altar of Zin.
  2344 | D:3      | Killed Sigmund
  2344 | D:3      | Reached skill level 6 in Axes
  2344 | D:3      | Reached XP level 6. HP: 21/55 MP: 5/5
  2523 | D:3      | Found an ancient bone altar of Kikubaaqudgha.
  2633 | D:3      | Reached skill level 5 in Armour
  2674 | D:4      | Noticed Menkaure
  2681 | D:4      | Killed Menkaure
  2681 | D:4      | Reached skill level 5 in Fighting
  2702 | D:4      | Reached *** piety under Trog
  2705 | D:4      | Found Odaxanorih's Magic Scroll Shop.
  2734 | D:4      | Reached skill level 7 in Axes
  2734 | D:4      | Reached XP level 7. HP: 28/61 MP: 6/6
  2749 | D:4      | Bought a scroll of enchant armour for 82 gold pieces
  2772 | D:4      | Found a blossoming altar of Fedhas.
  2921 | D:4      | Found an iron altar of Okawaru.
  3031 | D:4      | Noticed Duvessa
  3033 | D:4      | Noticed Dowan
  3056 | D:4      | Killed Dowan
  3070 | D:4      | Slain by Duvessa

Skill      XL: |  1  2  3  4  5  6 |
---------------+-------------------+-----
Axes           | 4 5 6 7 |  7.5
Fighting       | 4 5 |  5.2
Armour         | 3 4 5 |  5.9
Dodging        | 3 |  3.0
Stealth        | |  0.1

Action                   |  1- 3 |  4- 6 |  7- 9 || total
-------------------------+-------+-------+-------++-------
Melee: Hand axe          |    58 |   124 |    61 ||   243
       Headbutt          |     8 |    32 |    12 ||    52
  Eat: Bread ration      |       |     1 |       ||     1
       Chunk             |       |     1 |       ||     1
       Fruit             |       |       |     2 ||     2
Armor: Chain mail        |    21 |    40 |    31 ||    92
Dodge: Dodged            |    25 |    72 |    21 ||   118
